 Dungeon Crawl Stone Soup version 0.22.1-1-ga44c0e56f4 (webtiles) character file.

158 Jannitor the Ruffian (level 5, 0/39 HPs)
             Began as a Hill Orc Transmuter on Oct 30, 2018.
             Was an Initiate of Beogh.
             Slain by an orc
             ... wielding a +0 trident
              (3 damage)
             ... on level 5 of the Dungeon.
             The game lasted 00:05:09 (3316 turns).

Jannitor the Ruffian (Hill Orc Transmuter)          Turns: 3316, Time: 00:05:09

Health: 0/39       AC:  6    Str: 10 (11) XL:     5   Next: 39%
Magic:  7/7        EV: 18    Int: 12 (14) God:    Beogh [......]
Gold:   130        SH:  0    Dex: 15 (16) Spells: 6/7 levels left

rFire    . . .     SeeInvis .     - Unarmed
rCold    . . .     Gourm    .   (no shield)
rNeg     . . .     Faith    .   o - +1 ring mail
rPois    +         Spirit   .   (no helmet)
rElec    .         Reflect  .   (no cloak)
rCorr    .         Harm     .   (no gloves)
MR       +....                  (no boots)
Stlth    ++........             (no amulet)
HPRegen  0.13/turn              c - +3 ring of evasion
MPRegen  0.10/turn              h - +4 ring of slaying

@: agile
A: frail 1, magic resistance 1, poison resistance, weak 1
a: Renounce Religion


You were on level 5 of the Dungeon.
You worshipped Beogh.
Beogh was noncommittal.
You were hungry.

You visited 1 branch of the dungeon, and saw 5 of its levels.

You collected 130 gold pieces.

Inventory:

Missiles
 a - 21 arrows
Armour
 b - a +0 robe
 o - a +1 ring mail (worn)
Jewellery
 c - a +3 ring of evasion (left hand)
 g - an uncursed ring of stealth
 h - a +4 ring of slaying (right hand)
 l - an uncursed ring of protection from fire {unknown}
 v - an uncursed ring of protection from magic {unknown}
Scrolls
 f - a scroll of enchant weapon {unknown}
 i - a scroll of identify
 k - a scroll of fog {unknown}
 n - a scroll of amnesia {unknown}
 r - a scroll of remove curse
 u - a scroll of fear {unknown}
 w - a scroll of teleportation
Potions
 e - a potion of agility
 j - a potion of degeneration
 m - a potion of brilliance
Comestibles
 d - 3 rations


   Skills:
 + Level 2.9 Fighting
 + Level 1.4 Armour
 - Level 1.5 Dodging
 * Level 5.0 Unarmed Combat
 - Level 1.5 Spellcasting
 + Level 2.2 Transmutations


You had 6 spell levels left.
You knew the following spells:

 Your Spells              Type           Power        Failure   Level  Hunger
a - Beastly Appendage     Tmut           #.....       28%         1    ##.....

Your spell library contained the following spells:

 Spells                   Type           Power        Failure   Level  Hunger
 Sticks to Snakes         Tmut           #.......     41%         2    ###....
 Corona                   Hex            #......      58%         1    ##.....
 Ensorcelled Hibernation  Hex/Ice        #.....       73%         2    ###....
 Spider Form              Tmut/Pois      #.........   80%         3    ####...
 Confuse                  Hex            #.......     91%         3    ####...
 Dazzling Spray           Conj/Hex       #.....       91%         3    ####...
 Tukima's Dance           Hex            #.......     91%         3    ####...
 Ice Form                 Ice/Tmut       #.......     99%         4    #####..
 Blade Hands              Tmut           #.........   100%        5    ######.


Dungeon Overview and Level Annotations

Branches:
Dungeon (5/15)
 Temple: D:4-7

Altars:
Qazlal

Shops:
D:4 [

Annotations:
D:4 Ijyb


Innate Abilities, Weirdness & Mutations

You are frail. (-10% HP)
You are resistant to hostile enchantments. (MR+)
Your system is resistant to poisons. (rPois)
You are weak. (Str -2)


Message History

You feel a little less clever now. The orc hits you but does no damage.
The orc hits you but does no damage. The orc hits you but does no damage.
The orc hits you but does no damage.
The orc hits you from afar with a trident.
* * * LOW HITPOINT WARNING * * *
The orc hits you from afar with a trident.
* * * LOW HITPOINT WARNING * * *
The orc hits you but does no damage. The orc hits you but does no damage.
You feel less wooden.
Your +1 ring mail unmelds from your body.
The orc closely misses you. The orc completely misses you.
You hit the orc.
The orc is moderately wounded.
The orc hits you with a trident.
You die...
Beogh appreciates the orc's killing of a heretic priest.

.. .... .>..#
..oo[.
...#.### ###
oo...+ +.#
#.#.# #@#
#.o.# #o#
##..#######)#
##...##.##.#
##...o....#
#.##.....#
#<........#
###.......#
#.......#


You could see an orc.

Vanquished Creatures
  A scorpion (D:4)
  4 adders
  3 worms
  A dart slug (D:1)
  2 leopard geckos
  4 orcs
  2 giant cockroaches (D:1)
  3 goblins
  5 hobgoblins
  3 jackals (D:3)
  4 kobolds
  2 ball pythons
  10 bats
  4 frilled lizards
  A leopard gecko skeleton (D:4)
  10 rats
59 creatures vanquished.

Vanquished Creatures (others)
  A kobold (D:3)
1 creature vanquished.

Grand Total: 60 creatures vanquished

Notes
Turn   | Place    | Note
-------+----------+-------------------------------------------
     0 | D:1      | Jannitor the Hill Orc Transmuter began the quest for the
                  | Orb.
     0 | D:1      | Reached XP level 1. HP: 16/16 MP: 3/3
   164 | D:1      | Reached XP level 2. HP: 17/23 MP: 2/4
  1087 | D:2      | Gained mutation: You are weak. (Str -2) [potion of
                  | mutation]
  1087 | D:2      | Gained mutation: You are resistant to hostile enchantments.
                  | (MR+) [potion of mutation]
  1087 | D:2      | Gained mutation: You are frail. (-10% HP) [potion of
                  | mutation]
  1087 | D:2      | Gained mutation: Your system is resistant to poisons.
                  | (rPois) [potion of mutation]
  1095 | D:2      | Reached skill level 4 in Unarmed Combat
  1095 | D:2      | Reached XP level 3. HP: 20/26 MP: 3/5
  1767 | D:2      | Found a stormy altar of Qazlal.
  2154 | D:3      | Reached XP level 4. HP: 33/33 MP: 6/6
  2764 | D:3      | Became a worshipper of Beogh the Brigand
  2999 | D:3      | Found a faded altar of an unknown god.
  3006 | D:3      | Reached skill level 1 in Armour
  3144 | D:4      | Reached XP level 5. HP: 33/39 MP: 5/7
  3164 | D:4      | Found Qyuwe's Armour Boutique.
  3210 | D:4      | Noticed Ijyb
  3210 | D:4      | Noticed a phantom
  3241 | D:5      | Entered Level 5 of the Dungeon
  3269 | D:5      | Reached skill level 5 in Unarmed Combat
  3316 | D:5      | Slain by an orc

Skill      XL: |  1  2  3  4  5 |
---------------+----------------+-----
Fighting       | 2 |  2.9
Unarmed Combat | 4 5 |  5.0
Transmutations | 2 |  2.2
Armour         | 1 |  1.4
Dodging        | |  1.5
Spellcasting   | |  1.5

Action                   |  1- 3 |  4- 6 || total
-------------------------+-------+-------++-------
Melee: Unarmed           |   122 |    85 ||   207
       Kick              |     2 |       ||     2
       Headbutt          |     2 |       ||     2
       Punch             |       |     2 ||     2
 Cast: Beastly Appendage |     5 |     1 ||     6
Invok: Convert to Beogh  |       |     1 ||     1
  Use: Scroll            |     1 |     3 ||     4
       Potion            |     1 |     6 ||     7
 Stab: Sleeping          |     1 |       ||     1
  Eat: Chunk             |     4 |     3 ||     7
Armor: Robe              |    29 |       ||    29
       Ring mail         |     5 |    29 ||    34
       Skin              |       |    25 ||    25
Dodge: Dodged            |    85 |    67 ||   152
